 Dungeon Crawl Stone Soup version 0.16.0-17-g811c1d7 (webtiles) character file.

89 kourikargou the Conjurer (level 4, -1/33 HPs)
             Began as a Draconian Conjurer on Mar 22, 2015.
             Slain by an orc
             ... wielding a +2 flail of holy wrath
              (5 damage)
             ... on level 3 of the Dungeon.
             The game lasted 00:08:22 (1578 turns).

kourikargou the Conjurer (Draconian Conjurer)       Turns: 1578, Time: 00:08:23

Health: -1/33      AC:  5    Str: 10    XL:     4   Next: 31%
Magic:  3/8        EV: 12    Int: 17    God:
Gold:   96         SH:  0    Dex: 11    Spells: 3 memorised, 1 level left

rFire  . . .     SeeInvis .     g - +1 mace (holy)
rCold  . . .     Clarity  .     (armour unavailable)
rNeg   . . .     SustAb   .     (no shield)
rPois  .         Gourm    .     (helmet restricted)
rElec  .         Spirit   .     (no cloak)
rCorr  .         Warding  .     (no gloves)
rMut   .         Stasis   .     (no boots)
MR     .....                    (no amulet)
Stlth  ++........               (no ring)
                                (no ring)

@: not resistant to hostile enchantments, unstealthy
A: unfitting armour, cold-blooded, AC +5
a: no special abilities


You were on level 3 of the Dungeon.
You were not hungry.

You visited 1 branch of the dungeon, and saw 5 of its levels.

You collected 96 gold pieces.

Inventory:

Hand weapons
 d - a +0 dagger
 e - a +0 spear
 g - a +1 mace of holy wrath (weapon)
Armour
 l - a +0 robe
Scrolls
 a - 6 scrolls of identify {unknown}
 h - a scroll of remove curse {unknown}
 i - a scroll of immolation {unknown}
 j - a scroll of amnesia {unknown}
Potions
 f - a potion of flight {unknown}
 k - a potion of haste {unknown}
Books
 c - a book of Conjurations

   Spells                             Type                      Level
   a - Magic Dart                     Conjuration                  1
   b - Searing Ray                    Conjuration                  2
   c - Dazzling Spray                 Conjuration/Hexes            3
   d - Fulminant Prism                Conjuration/Hexes            4
   e - Iskenderun's Mystic Blast      Conjuration                  4
   f - Iskenderun's Battlesphere      Conjuration/Charms           5
Comestibles
 b - a bread ration


   Skills:
 + Level 2.4 Dodging
 - Level 2.0 Stealth
 + Level 2.3 Spellcasting
 * Level 5.1 Conjurations


You had one spell level left.
You knew the following spells:

 Your Spells              Type           Power        Failure   Level  Hunger
a - Magic Dart            Conj           ###.         2%          1    #......
b - Searing Ray           Conj           ###...       3%          2    ##.....
c - Dazzling Spray        Conj/Hex       ##......     21%         3    ###....


Dungeon Overview and Level Annotations

Branches:
Dungeon (5/15)
 Temple: D:4-7

Altars:
Trog

Annotations:
D:4 Edmund


Innate Abilities, Weirdness & Mutations

Your plain brown scales are hard (AC +5).
Your body does not fit into most forms of armour.
Your cold-blooded metabolism reacts poorly to cold.


Message History

You see here a stone.
The kobold throws a stone.
The stone closely misses you.
The kobold throws a stone.
The stone barely misses you.
The stone closely misses the goblin.
The kobold hits you but does no damage. The kobold hits you with a club.
The kobold hits you with a club.
The iguana hisses menacingly.
Found 16 stones and a dagger.
An iguana comes into view.
There is a stone staircase leading up here.
The goblin hits you. The kobold hits you but does no damage.
You climb upwards.
The orc hits you but does no damage.
The orc hits you with a flail of holy wrath!
* * * LOW HITPOINT WARNING * * *
The orc hits you but does no damage.
There is a stone staircase leading down here.
You closely miss the goblin. The goblin closely misses you. The orc misses you.
The orc hits you with a flail of holy wrath.
You die...

...............#
#........o...###
.....##.#†#......_.
#.##..#.#o######..
##.##..#.#.######
#####<.##...........#
#..^......#..#.####....
.........##.#oo#K####...
............)o@g.........
#.....#..##.####.###....
..##.#..##.# #.# .. .
......#.# #.. ##.#...#.#
#..# .#...#.# #..# ...#..
.... ... ...# . .


You could see 3 orcs, a goblin and a kobold.

Vanquished Creatures
  A giant frog skeleton (D:4)
  2 adders
  A giant gecko (D:1)
  An orc (D:3)
  3 giant cockroaches
  7 goblins
  5 hobgoblins
  A ball python (D:4)
  19 bats
  2 giant newts
  4 kobolds
  A rat (D:1)
47 creatures vanquished.

Notes
Turn   | Place    | Note
--------------------------------------------------------------
     0 | D:1      | kourikargou, the Draconian Conjurer, began the quest for the Orb.
     0 | D:1      | Reached XP level 1. HP: 14/14 MP: 3/3
   193 | D:1      | Reached XP level 2. HP: 15/20 MP: 1/4
   843 | D:2      | Reached XP level 3. HP: 11/26 MP: 1/6
  1341 | D:3      | Found a bloodstained altar of Trog.
  1400 | D:4      | Noticed Edmund
  1441 | D:5      | Entered Level 5 of the Dungeon
  1462 | D:5      | Learned a level 2 spell: Searing Ray
  1466 | D:5      | Learned a level 3 spell: Dazzling Spray
  1477 | D:5      | Noticed a scorpion
  1517 | D:5      | Reached skill level 5 in Conjurations
  1539 | D:4      | Noticed a scorpion
  1548 | D:4      | Reached XP level 4. HP: 13/33 MP: 0/8
  1578 | D:3      | Slain by an orc

Action                   |  1- 3 |  4- 6 || total
-------------------------+-------+-------++-------
Melee: Spear             |    11 |       ||    11
       Dagger            |     5 |       ||     5
       Mace              |    79 |     3 ||    82
 Cast: Magic Dart        |    51 |       ||    51
       Searing Ray       |     4 |       ||     4
 Stab: Sleeping          |     1 |       ||     1
  Eat: Chunk             |     3 |       ||     3
